 Dungeon Crawl Stone Soup version 0.25.1-2-g60ff931df9 (webtiles) character file.

Game seed: 14504210308004140672

51 Curus the Chopper (level 3, -3/31 HPs)
             Began as a Hill Orc Abyssal Knight on Oct 3, 2020.
             Was a Believer of Lugonu.
             Killed by divine providence
             ... invoked by an orc priest
              (17 damage)
             ... on level 3 of the Dungeon.
             The game lasted 00:05:31 (1634 turns).

Curus the Chopper (Hill Orc Abyssal Knight)         Turns: 1634, Time: 00:05:32

Health: -3/31      AC: 13    Str: 14    XL:     3   Next: 81%
Magic:  5/6        EV:  4    Int: 12    God:    Lugonu [**....]
Gold:   88         SH:  0    Dex: 11    Spells: 2/2 levels left

rFire    . . .     SeeInvis .   a - +2 hand axe
rCold    . . .     Gourm    .   (no shield)
rNeg     . . .     Faith    .   g - +0 plate armour
rPois    .         Spirit   .   (no helmet)
rElec    .         Reflect  .   (no cloak)
rCorr    .         Harm     .   f - +1 pair of gloves
MR       .....                  (no boots)
Stlth    ..........             (no amulet)
HPRegen  0.10/turn              (no ring)
MPRegen  0.10/turn              (no ring)

@: no status effects
A: no striking features
a: Depart the Abyss, Bend Space, Renounce Religion, Convert to Beogh


You were on level 3 of the Dungeon.
You worshipped Lugonu.
Lugonu was pleased with you.
You were very hungry.

You visited 1 branch of the dungeon, and saw 3 of its levels.
You visited the Abyss 1 time.

You collected 88 gold pieces.

Inventory:

Hand Weapons
 a - a +2 hand axe (weapon)
Armour
 b - a +0 leather armour
 e - a +0 ring mail
 f - a +1 pair of gloves (worn)
 g - a +0 plate armour (worn)
Scrolls
 d - a scroll of teleportation
Comestibles
 c - 5 rations


   Skills:
 - Level 3.6 Fighting
 + Level 4.2 Axes
 - Level 2.1 Armour
 - Level 0.7 Dodging
 + Level 4.0 Invocations


You had 2 spell levels left.
You didn't know any spells.
Your spell library was empty.

Dungeon Overview and Level Annotations

Branches:
Dungeon (3/15)

Altars:
Ashenzari
Kikubaaqudgha
Okawaru
Trog
Wu Jian


Message History

You kill the orc!
Lugonu accepts your kill.
You hit the orc priest.
The orc priest hits you but does no damage.
The orc hits you but does no damage.
Your plate armour prevents you from hitting the orc priest.
The orc priest is severely wounded.
You hit the orc.
The orc priest hits you but does no damage.
The orc hits you.
You closely miss the orc priest.
The orc priest shouts, "Join the one true god or die!"
The orc priest is severely wounded.
You hit the orc.
You kill the orc!
Lugonu accepts your kill.
The orc priest calls down the wrath of Beogh upon you.
Beogh smites you!
Ouch! That really hurt!
You die...

... ..
#.####
#....#
#..#.#
#....#
#....#
#...<#
#.o@.#
##†#†#
#..#...
#..#...#
#.##...#
#. ....#
## ##.>#
...


You could see an orc priest.

Vanquished Creatures
  2 oozes
  3 dart slugs
  2 leopard geckos
  2 orcs (D:3)
  A bat zombie (D:2)
  A giant cockroach (D:2)
  4 goblins
  2 hobgoblins
  6 bats
  3 frilled lizards
  3 kobolds
  4 rats
  2 rat zombies (D:2)
35 creatures vanquished.

Vanquished Creatures (others)
  4 toadstools (D:1)
4 creatures vanquished.

Grand Total: 39 creatures vanquished

Notes
Turn   | Place    | Note
-------+----------+-------------------------------------------
     0 | Abyss:1  | Curus the Hill Orc Abyssal Knight began the quest for the
                  | Orb.
     0 | Abyss:1  | Reached XP level 1. HP: 19/19 MP: 2/2
     9 | D:1      | Escaped the Abyss
   188 | D:1      | Reached XP level 2. HP: 25/26 MP: 2/4
   904 | D:2      | Reached XP level 3. HP: 31/31 MP: 5/5
   960 | D:2      | Reached ** piety under Lugonu
  1028 | D:2      | Found a shattered altar of Ashenzari.
  1216 | D:2      | Found a bloodstained altar of Trog.
  1216 | D:2      | Found an iron altar of Okawaru.
  1375 | D:2      | Found an ornate altar of the Wu Jian Council.
  1472 | D:2      | Found an ancient bone altar of Kikubaaqudgha.
  1634 | D:3      | Killed from afar by an orc priest

Illustrated notes

Levels and vault maps discovered:
D:1:      ldierk_water_garden, layout_basic,
          wander_ebering_terrifying_dragon_lair
D:2:      layout_loops_ring, gammafunk_temple_overflow_wave,
          nicolae_overflow_hidden_temple, old_standard_altar,
          lemuel_zombie_altar_kikubaaqudgha, first_ration
D:3:      layout_basic, uniq_natasha

Skill      XL: |  1  2  3 |
---------------+----------+-----
Axes           | 3 4 |  4.2
Invocations    | 3 4 |  4.0
Fighting       | |  3.6
Armour         | |  2.1
Dodging        | |  0.7

Action                   || total
-------------------------++-------
Melee: Hand axe          ||    90
  Use: Scroll            ||     6
       Potion            ||     2
  Eat: Chunk             ||     1
Armor: Ring mail         ||    23
       Leather armour    ||     1
       Plate armour      ||    14
Dodge: Dodged            ||    47
